 Dungeon Crawl Stone Soup version 0.29.1-15-g9cfb28693d (webtiles) character file.

Game seed: 18130223807855239713

17589 BlackCrag the Eclecticist (level 12, -27/53 (60) HPs)
             Began as a Deep Elf Earth Elementalist on Apr 1, 2023.
             Was a Priest of Vehumet.
             Killed from afar by an orc sorcerer (40 damage)
             ... with a bolt of negative energy
             ... on level 2 of the Orcish Mines on Apr 2, 2023.
             The game lasted 01:28:16 (13283 turns).

BlackCrag the Eclecticist (DEEE)                   Turns: 13283, Time: 01:28:17

HP:   -27/53 (60)   AC:  6    Str:  5    XL:     12   Next: 20%
MP:   24/43         EV: 13    Int: 26    God:    Vehumet [***...]
Gold: 1274          SH:  0    Dex: 15    Spells: 18/43 levels left

rFire   + . .      SeeInvis .   J - staff of earth
rCold   + . .      Faith    .   (no shield)
rNeg    . . .      Spirit   .   a - +0 robe
rPois   .          Reflect  .   F - +1 helmet
rElec   .          Harm     .   A - +0 cloak {rF+}
rCorr   .          Rampage  .   (no gloves)
Will    +....                   D - +0 pair of boots
Stlth   +++.......              o - amulet of regeneration
HPRegen 0.97/turn               L - ring of protection from cold
MPRegen 0.28/turn               M - ring of magical power

@: very slightly contaminated, hasted, heavily drained, very quick
A: no striking features
a: Renounce Religion


You were on level 2 of the Orcish Mines.
You worshipped Vehumet.
Vehumet was most pleased with you.
You visited 3 branches of the dungeon, and saw 14 of its levels.
You also visited: Bailey and Volcano.

You collected 1352 gold pieces.
You spent 78 gold pieces at shops.

Inventory:

Hand Weapons
 h - a +0 sling
 x - the +9 trident of Judgement {vorpal, rPois rF+ Str-2 SInv}
   (You found it on level 4 of the Dungeon)

   It inflicts extra damage upon your enemies.
   Str:       It affects your strength (-2).
   rF:        It protects you from fire.
   rPois:     It protects you from poison.
   SInv:      It lets you see invisible.
 I - the +2 rapier of Haemext {protect, rN+ Will+ SInv}
   (You found it on level 7 of the Dungeon)

   It grants its wielder temporary protection when it strikes (+7 to AC).
   rN:        It protects you from negative energy.
   SInv:      It lets you see invisible.
   Will:      It increases your willpower.
Armour
 a - a +0 robe (worn)
 A - a +0 cloak of fire resistance (worn)
 D - a +0 pair of boots (worn)
 F - a +1 helmet (worn)
Magical Staves
 J - a staff of earth (weapon)
Jewellery
 o - an amulet of regeneration (around neck)
 q - a ring of resist corrosion
 u - a +4 ring of slaying
 E - a +6 ring of strength
 L - a ring of protection from cold (left hand)
 M - a ring of magical power (right hand)
Wands
 d - a wand of flame (9)
 r - a wand of light (5)
 y - a wand of paralysis (5)
 O - a wand of mindburst (9)
Scrolls
 c - 2 scrolls of butterflies
 g - a scroll of summoning {unknown}
 k - 3 scrolls of immolation
 l - a scroll of amnesia {unknown}
 m - 2 scrolls of fear
 n - 11 scrolls of teleportation
 s - 3 scrolls of enchant armour
 t - 2 scrolls of vulnerability {unknown}
 w - 3 scrolls of magic mapping {unknown}
 K - 2 scrolls of noise {unknown}
 N - a scroll of poison {unknown}
Potions
 b - 2 potions of magic
 e - 4 potions of might
 f - 6 potions of curing
 i - a potion of invisibility
 p - a potion of heal wounds {unknown}
 v - a potion of resistance {unknown}
 z - a potion of cancellation {unknown}
 B - a potion of berserk rage {unknown}
 C - 3 potions of haste
 G - a potion of mutation {unknown}
 H - 3 potions of brilliance {unknown}
Miscellaneous
 P - a lightning rod (4/4)


   Skills:
 - Level 1.0 Fighting
 + Level 6.6 Ranged Weapons
 + Level 4.0 Dodging
 + Level 3.9 Stealth
 * Level 16.3 Spellcasting
 * Level 10.2 Conjurations
 + Level 3.1 Hexes
 + Level 2.4 Transmutations
 * Level 11.9 Earth Magic
 + Level 0.7 Evocations


You had 18 spell levels left.
You knew the following spells:

 Your Spells              Type           Power      Damage    Failure   Level
a - Sandblast             Erth           100%       2d20      0%          1
b - Passwall              Tmut/Erth      60%        N/A       1%          2
c - Stone Arrow           Conj/Erth      100%       3d13      1%          3
d - Swiftness             Air            21%        N/A       8%          3
e - Petrify               Tmut/Erth      73%        N/A       1%          4
f - Fulminant Prism       Conj/Hex       27%        3d14      1%          4
g - Lehudib's Crystal Sp  Conj/Erth      43%        10d11     38%         8

Your spell library contained the following spells:

 Spells                   Type           Power      Damage    Failure   Level
 Dazzling Flash           Conj/Hex       100%       N/A       1%          3
 Beastly Appendage        Tmut           66%        N/A       1%          1
 Ensorcelled Hibernation  Hex/Ice        58%        N/A       1%          2
 Wereblood                Tmut           33%        N/A       1%          2
 Ignite Poison            Fire/Tmut/Pois 25%        N/A       1%          3
 Mephitic Cloud           Conj/Pois/Air  38%        N/A       1%          3
 Hailstorm                Conj/Ice       47%        3d11      1%          4
 Spider Form              Tmut/Pois      27%        N/A       4%          3
 Freezing Cloud           Conj/Ice/Air   19%        6-21      4%          5
 Ozocubu's Armour         Ice            21%        N/A       8%          3
 Ice Form                 Ice/Tmut       27%        N/A       14%         4
 Metabolic Englaciation   Hex/Ice        14%        N/A       34%         5
 Simulacrum               Ice/Necr       10%        N/A       98%         6


Dungeon Overview and Level Annotations

Branches:
Dungeon (11/15)            Temple (1/1) D:5            Lair (0/5) D:10
    Orc (2/2) D:11            Elf (0/3) Orc:2        Bailey (visited)
Volcano (visited)

Altars:
Ashenzari
Cheibriados
Dithmenos
Elyvilon
Fedhas
Gozag
Hepliaklqana
Kikubaaqudgha
Makhleb
Nemelex Xobeh
Okawaru
Qazlal
Ru
Sif Muna
Trog
Uskayaw
Vehumet
Wu Jian
Xom
Yredelemnul
Zin
The Shining One

Shops:
D:6 *   D:8 [   D:9 ?   D:10 :   D:11 (

Portals:
Trove: D:11 (give 5 scrolls of fear)

Annotations:
D:10 3 runed translucent doors, NiggerDarts7's ghost, journeyman HuFi


Message History

The orc sorcerer gestures at you while chanting.
The bolt of negative energy hits you!!
You feel drained.
Casting: Lehudib's Crystal Spear (astonishingly dangerous; 38% risk of failure)
Confirm with . or Enter, or press ? or * to list all spells.
Aiming: Stone Arrow (safe; 1% risk of failure)
Press: ? - help, Shift-Dir - straight line, f/p - orc sorcerer
Aim: an orc sorcerer, wielding a +0 dagger and wearing a +0 robe (72% to hit)
You feel a surge of power!
The stone arrow misses the orc sorcerer.
The orc sorcerer hits you with a +0 dagger!
The orc wizard gestures at you while chanting.
You resist with almost no effort. The orc sorcerer barely misses you.
The orc sorcerer attacks as you move away!
The orc sorcerer completely misses you.
The orc sorcerer mumbles some strange words.
You feel yourself speed up.
The orc wizard casts a spell.
The orc wizard flickers and vanishes!
Deactivating autopickup; reactivate with Ctrl-A.
An orc sorcerer comes into view. It is wielding a +0 dagger.
Casting: Stone Arrow (safe; 1% risk of failure)
Confirm with . or Enter, or press ? or * to list all spells.
Aiming: Stone Arrow (safe; 1% risk of failure)
Press: ? - help, Shift-Dir - straight line, f/p - orc sorcerer
Aim: an orc sorcerer, wielding a +0 dagger and wearing a +0 robe (72% to hit)
You feel a surge of power!
The stone arrow misses the orc sorcerer.
The stone arrow hits the rust devil!!
The rust devil is heavily wounded.
The orc sorcerer mumbles some strange words.
The orc sorcerer points at you and mumbles some strange words.
The bolt of fire hits you! You resist.
* * * LOW HITPOINT WARNING * * *
The orc sorcerer casts a spell.
The orc sorcerer gestures wildly while chanting.
The orc sorcerer's eyes start to glow.
The orc sorcerer gestures at you while chanting.
The bolt of negative energy hits you!!!
You feel drained.
Ouch! That really hurt!
You die...

..#####.##o..............#
#.##).............##
#.##3..............#
##o##.o.............# #
#..##4..4...........# .#3#
##.###...............# .o...
##..# #...............#
#.)...##..## #.....).........#
#)...## #.@...).........#
###### #...............#
###############..............##
.#........)...................#
..).......)..................##
..............................#
..............................#
.)............................#
......).......................#


You could see a rust devil (summoned), a smoke demon (summoned), an orc sorcerer
and a red devil (summoned).

Vanquished Creatures
  A hydra (D:11)
  Erica (D:8)
  3 two-headed ogres
  An orc high priest (Orc:2)
  Nergalle (D:11)
  4 orc knights
  A manticore (D:11)
  An orc sorcerer (Orc:2)
  2 gargoyles (Volcano)
  An efreet (Volcano)
  4 trolls
  A hornet (D:9)
  Sigmund (D:5)
  9 yaks
  2 shadows
  A vampire (D:11)
  A fire elemental (Volcano)
  2 steam dragons
  Menkaure (D:6)
  4 water moccasins
  2 acid dragons
  22 orc warriors
  A sky beast (D:6)
  2 hell hounds (Orc:1)
  2 ice beasts
  3 black bears
  3 ogres (Orc:2)
  4 centaurs
  2 wolves (D:10)
  A phantom (D:5)
  An earth elemental (Volcano)
  A bullfrog (D:7)
  A gnoll sergeant (D:5)
  2 necrophages
  A scorpion (D:6)
  9 howler monkeys
  4 electric eels
  10 hounds
  A jelly (D:6)
  11 orc priests
  4 iguanas
  Ijyb (D:3)
  Jessica (D:3)
  20 orc wizards
  9 gnolls
  8 adders
  3 white imps
  2 ufetubi (D:5)
  2 worms
  4 dart slugs
  55 orcs
  8 bats
  9 endoplasms
  5 giant cockroaches
  7 hobgoblins
  6 jackals
  9 kobolds
  2 quokkas
  9 ball pythons
  3 frilled lizards
  10 goblins
  4 rats
306 creatures vanquished.

Vanquished Creatures (others)
  54 fulminant prisms
  12 plants (D:9)
66 creatures vanquished.

Grand Total: 372 creatures vanquished

Notes
Turn   | Place    | Note
-------+----------+-------------------------------------------
     0 | D:1      | BlackCrag the Deep Elf Earth Elementalist began the quest
                  | for the Orb.
     0 | D:1      | Reached XP level 1. HP: 10/10 MP: 6/6
   281 | D:1      | Reached XP level 2. HP: 15/15 MP: 5/8
   284 | D:1      | Learned a level 2 spell: Passwall
   683 | D:1      | Reached XP level 3. HP: 19/19 MP: 7/10
   687 | D:1      | Learned a level 3 spell: Stone Arrow
   691 | D:1      | Learned a level 3 spell: Swiftness
  1615 | D:2      | Got Homi Daa's Textbook on Conjuring and the Atmosphere
  1699 | D:2      | Reached skill level 1 in Ranged Weapons
  1701 | D:2      | Reached XP level 4. HP: 24/24 MP: 8/11
  1760 | D:2      | Reached skill level 4 in Spellcasting
  2013 | D:2      | Found a faded altar of an unknown god.
  2163 | D:3      | Found a bloodstained altar of Trog.
  2224 | D:3      | Noticed Jessica
  2227 | D:3      | Killed Jessica
  2245 | D:3      | Found an iron altar of Okawaru.
  2390 | D:3      | Noticed Ijyb
  2396 | D:3      | Killed Ijyb
  2397 | D:3      | Reached skill level 5 in Earth Magic
  2477 | D:3      | Reached XP level 5. HP: 28/28 MP: 10/13
  2960 | D:4      | Found a sacrificial altar of Ru.
  3024 | D:4      | Reached skill level 5 in Spellcasting
  3388 | D:4      | Found a broken altar of Ashenzari.
  3415 | D:4      | Reached skill level 1 in Conjurations
  3415 | D:4      | Reached XP level 6. HP: 33/33 MP: 6/16
  3602 | D:4      | Identified the +9 trident of Judgement {vorpal, rPois rF+
                  | Str-2 SInv}
  3800 | D:5      | Entered Level 5 of the Dungeon
  3900 | D:5      | Found an ornate altar of the Wu Jian Council.
  3945 | D:5      | Noticed a water moccasin
  3952 | D:5      | Killed a water moccasin
  3953 | D:5      | Reached skill level 6 in Spellcasting
  4126 | D:5      | Noticed an ice beast
  4134 | D:5      | Killed an ice beast
  4135 | D:5      | Reached XP level 7. HP: 9/37 MP: 1/18
  4454 | D:5      | Reached skill level 7 in Spellcasting
  4595 | D:5      | Reached skill level 5 in Ranged Weapons
  4722 | D:5      | Reached XP level 8. HP: 42/42 MP: 16/21
  4739 | D:5      | Noticed Sigmund
  4745 | D:5      | Killed Sigmund
  4746 | D:5      | Reached skill level 8 in Spellcasting
  5091 | D:5      | Found a staircase to the Ecumenical Temple.
  5104 | D:5      | Learned a level 4 spell: Petrify
  5109 | Temple   | Entered the Ecumenical Temple
  5511 | D:6      | Noticed Menkaure
  5589 | D:6      | Found a shimmering blue altar of Sif Muna.
  5757 | D:6      | Found a glowing silver altar of Zin.
  5769 | D:6      | Reached skill level 9 in Spellcasting
  5842 | D:6      | Killed Menkaure
  5948 | D:6      | Found Wicofroz's Mass Market.
  5962 | D:6      | Learned a level 4 spell: Fulminant Prism
  6601 | D:7      | Reached XP level 9. HP: 46/46 MP: 16/24
  6662 | D:7      | Reached skill level 1 in Fighting
  6662 | D:7      | Reached skill level 10 in Spellcasting
  7200 | D:7      | Identified the +2 rapier of Haemext {protect, rN+ Will+
                  | SInv}
  7283 | D:8      | Found Xeridad's Armour Boutique.
  7287 | D:8      | Noticed Erica
  7292 | D:8      | Killed Erica
  7293 | D:8      | Reached skill level 11 in Spellcasting
  7715 | D:8      | Found a sparkling altar of Nemelex Xobeh.
  7866 | D:8      | Found a radiant altar of Vehumet.
  7866 | D:8      | Found an opulent altar of Gozag.
  7866 | D:8      | Found a shimmering altar of Xom.
  7870 | D:8      | Became a worshipper of Vehumet
  8235 | D:9      | Found a flagged portal.
  8241 | Bailey   | Entered a bailey
  8409 | Bailey   | Noticed an orc knight
  8420 | Bailey   | Reached skill level 5 in Conjurations
  8559 | Bailey   | Killed an orc knight
  8560 | Bailey   | Reached skill level 12 in Spellcasting
  8560 | Bailey   | Reached XP level 10. HP: 52/52 MP: 22/28
  8610 | Bailey   | Reached * piety under Vehumet
  8610 | Bailey   | Offered knowledge of Magic Dart by Vehumet.
  8692 | Bailey   | Found the +18 shield of the Gong {rElec rN+ Will+ EV-5}
  8794 | D:9      | Reached skill level 1 in Hexes
  8794 | D:9      | Reached skill level 10 in Earth Magic
  8799 | D:9      | Found a white marble altar of Elyvilon.
  8860 | D:9      | Found Pikoleck's Magic Scroll Boutique.
  8868 | D:9      | Bought a scroll of butterflies for 52 gold pieces
  8868 | D:9      | Bought a scroll of identify for 26 gold pieces
  9521 | D:10     | Entered Level 10 of the Dungeon
  9559 | D:10     | Found Nurema's Vocational Training.
  9644 | D:10     | Reached skill level 13 in Spellcasting
  9812 | D:10     | Found a staircase to the Lair.
  9945 | D:10     | Noticed a two-headed ogre
  9954 | D:10     | Killed a two-headed ogre
 10094 | D:10     | Noticed a two-headed ogre
 10098 | D:10     | Killed a two-headed ogre
 10099 | D:10     | Reached XP level 11. HP: 54/56 MP: 20/30
 10240 | D:10     | Reached ** piety under Vehumet
 10240 | D:10     | Offered knowledge of Poisonous Vapours by Vehumet.
 10506 | D:10     | Found a runed translucent gate.
 10506 | D:10     | Found a runed translucent gate.
 10507 | D:10     | Found a runed translucent gate.
 10509 | D:10     | Noticed NiggerDarts7's ghost (journeyman HuFi)
 10602 | D:11     | Reached skill level 14 in Spellcasting
 10607 | D:11     | Noticed Nergalle
 10613 | D:11     | Killed Nergalle
 10736 | D:11     | Found Madiejos's Weapon Boutique.
 10736 | D:11     | Found a staircase to the Orcish Mines.
 11202 | D:11     | Noticed a five-headed hydra
 11209 | D:11     | Killed a five-headed hydra
 11365 | D:11     | Found a portal to a secret trove of treasure.
 11425 | Orc:1    | Entered Level 1 of the Orcish Mines
 11482 | Orc:1    | Offered knowledge of Static Discharge by Vehumet.
 11539 | Orc:1    | Reached skill level 15 in Spellcasting
 11732 | Orc:1    | Found a dark tunnel.
 11742 | Volcano  | Entered a volcano
 12076 | Orc:2    | Entered Level 2 of the Orcish Mines
 12080 | Orc:2    | Reached *** piety under Vehumet
 12146 | Orc:2    | Noticed a two-headed ogre
 12149 | Orc:2    | Killed a two-headed ogre
 12555 | Orc:2    | Offered knowledge of Dazzling Flash by Vehumet.
 12633 | Orc:2    | Found a staircase to the Elven Halls.
 12777 | Orc:2    | Noticed an orc high priest
 12778 | Orc:2    | Noticed an orc high priest
 12780 | Orc:2    | Killed an orc high priest
 12781 | Orc:2    | Reached XP level 12. HP: 57/60 MP: 33/33
 12826 | Orc:2    | Reached skill level 16 in Spellcasting
 12966 | Orc:2    | Learned a level 8 spell: Lehudib's Crystal Spear
 13036 | Orc:2    | Reached skill level 10 in Conjurations
 13057 | Orc:2    | Paralysed by an orc sorcerer for 4 turns
 13283 | Orc:2    | Killed from afar by an orc sorcerer

Illustrated notes

Levels and vault maps discovered:
D:1:      psy_arrival_fountain, layout_loops_ring, minmay_distorted
D:2:      layout_basic, shapermc_ecumenical_altar_petra,
          chequers_serial_rivers_marsh, minmay_octomino_c4
D:3:      layout_basic, old_standard_altar, lemuel_round_altar,
          minmay_misc_feat_doors, kennysheep_decorative_pillar, uniq_jessica,
          uniq_ijyb
D:4:      layout_cave_pods, nicolae_ru_sacrificial_ziggurat, ashenzari_altar_1,
          hangedman_minor_gate_pass
D:5:      minmay_opposing_rooms, layout_loops_ring,
          nicolae_wu_jian_immortal_techniques, minmay_temple_entry_nine_rooms,
          uniq_sigmund
D:6:      layout_loops_ring, kennysheep_mini_moat, kennysheep_little_box,
          minmay_shop_mass, uniq_menkaure
D:7:      layout_rooms
D:8:      layout_loops_ring, nemelex_spade_bored_becter,
          chequers_temple_overflow_statue_of_worship, serial_shops, shop,
          uniq_erica
D:9:      layout_rooms, lemuel_round_altar, enter_bailey_3, serial_bayou,
          serial_bayou_pond_a, serial_bayou_crossing, serial_bayou_lagoon_a,
          serial_bayou_shore_b, serial_shops, nicolae_shop_advertising_works
          [nicolae_subvault_shop_adworks]
D:10:     layout_loops_cross, erik_lair_island, gammafunk_ghost_necromancy,
          hangedman_decor_opposing, nicolae_shop_vocational
D:11:     layout_gridville, orc_david_3, enter_trove_1, uniq_nergalle
Temple:   eino_temple_lava
Orc:1:    layout_caves, enter_volcano_3
Orc:2:    st_orc_elflike, layout_caves

Skill      XL: |  1  2  3  4  5  6  7  8  9 10 11 12 |
---------------+-------------------------------------+-----
Earth Magic    | 4 5 6 8 9 10 11 | 11.9
Ranged Weapons | 1 3 4 5 6 |  6.6
Spellcasting   | 4 5 6 7 9 12 13 15 16 | 16.3
Conjurations   | 1 2 3 5 7 9 10 | 10.2
Dodging        | 3 4 |  4.0
Fighting       | 1 |  1.0
Stealth        | 3 |  3.9
Transmutations | 2 |  2.4
Hexes          | 2 3 |  3.1
Evocations     | |  0.7

Action                   |  1- 3 |  4- 6 |  7- 9 | 10-12 || total
-------------------------+-------+-------+-------+-------++-------
Melee: Rapier            |       |       |       |     1 ||     1
       Trident           |       |       |       |     1 ||     1
 Fire: Sling             |    23 |    42 |    21 |       ||    86
 Cast: Sandblast         |    56 |    46 |    81 |    32 ||   215
       Swiftness         |     1 |       |       |       ||     1
       Stone Arrow       |       |    19 |    82 |   152 ||   253
       Passwall          |       |       |     2 |       ||     2
       Petrify           |       |       |     7 |     5 ||    12
       Fulminant Prism   |       |       |     6 |    48 ||    54
       Lehudib's Crystal |       |       |       |     2 ||     2
Evoke: Wand              |       |       |     5 |     7 ||    12
  Use: Scroll            |       |     3 |     5 |     7 ||    15
       Potion            |       |       |       |     3 ||     3
Armor: Robe              |     4 |     8 |     9 |    10 ||    31
Dodge: Dodged            |     3 |    20 |    36 |    52 ||   111
